 Dungeon Crawl Stone Soup version 0.28-a0-973-ga7f8b01127 (webtiles) character file.

Game seed: 11977765849883246641

121 browni3141 the Covered (level 4, 0/39 HPs)
             Began as a Demigod Fighter on Dec 1, 2021.
             Slain by an orc priest (2 damage)
             ... on level 3 of the Dungeon.
             The game lasted 00:03:03 (3201 turns).

browni3141 the Covered (Demigod Fighter)            Turns: 3201, Time: 00:03:05

Health: 0/39       AC: 10    Str: 17    XL:     4   Next: 49%
Magic:  6/6        EV: 10    Int: 10    God:
Gold:   70         SH:  5    Dex: 17    Spells: 3/3 levels left

rFire   . . .      SeeInvis .   d - +1 dagger (venom)
rCold   . . .      Faith    .   c - +0 buckler
rNeg    . . .      Spirit   .   b - +0 scale mail
rPois   .          Reflect  .   i - +2 helmet
rElec   .          Harm     .   (no cloak)
rCorr   .          Rampage  .   (no gloves)
Will    .....                   (no boots)
Stlth   ..........              (no amulet)
HPRegen 0.13/turn               (no ring)
MPRegen 0.10/turn               (no ring)

@: no status effects
A: high mp 1, forlorn, divine attributes
a: no special abilities


You were on level 3 of the Dungeon.
You visited 1 branch of the dungeon, and saw 3 of its levels.

You collected 70 gold pieces.

Inventory:

Hand Weapons
 a - a +0 long sword
 d - a +1 dagger of venom (weapon)
Missiles
 g - 28 stones (quivered)
 q - 16 bolts
Armour
 b - a +0 scale mail (worn)
 c - a +0 buckler (worn)
 i - a +2 helmet (worn)
Jewellery
 j - a +4 ring of evasion
Wands
 m - a wand of mindburst (13)
Scrolls
 e - 2 scrolls of teleportation {unknown}
 f - 7 scrolls of identify {unknown}
 k - a scroll of blinking {unknown}
 n - 2 scrolls of magic mapping {unknown}
 o - a scroll of torment {unknown}
 p - 3 scrolls of silence {unknown}
Potions
 h - a potion of curing {unknown}
 l - 2 potions of haste {unknown}


   Skills:
 * Level 3.6 Fighting
 - Level 1.7 Long Blades
 * Level 3.6 Armour
 * Level 2.1 Dodging
 - Level 2.7 Shields


You had 3 spell levels left.
You didn't know any spells.
Your spell library was empty.

Dungeon Overview and Level Annotations

Branches:
Dungeon (3/15)


Innate Abilities, Weirdness & Mutations

You have an increased reservoir of magic. (+10% MP)
You shall have no god before yourself.
Your divine heritage dramatically boosts your attributes as you level up.


Message History

Found 10 gold pieces.
You hit the dart slug but do no damage.
The dart slug is poisoned.
The dart slug launches a dart at you. You block the slug dart.
You hit the dart slug.
The dart slug is heavily wounded.
You kill the dart slug!
No target in view!
You now have 60 gold pieces (gained 12).
You now have 70 gold pieces (gained 10).
You open the door.
There is an open door here.
There is an open door here.
An orc priest comes into view. It is wielding a +0 club.
Found 14 gold pieces.
The orc priest shouts!
You hear a shout! x2
An orc comes into view. It is wielding a +0 whip.
There are monsters nearby!
There are monsters nearby!
There are monsters nearby!
An orc comes into view. It is wielding a +0 mace.
The orc priest mumbles some strange prayers to Beogh against you.
Beogh smites you!
You hit the orc priest.
The orc priest is poisoned.
The orc priest is moderately wounded.
An orc priest comes into view. It is wielding a +0 club.
You block the orc priest's attack.
You hit the orc priest.
The orc priest is heavily wounded.
The orc priest barely misses you.
The orc priest invokes the aid of Beogh against you.
Beogh smites you!
You hit the orc priest.
The orc priest looks as sick as possible!
The orc priest is severely wounded.
The orc priest calls down the wrath of Beogh upon you.
Beogh smites you!
* * * LOW HITPOINT WARNING * * *
The orc priest hits you with a +0 club.
You die...

#........'.........#
#.#
##########.........#
#.### #.#########
#.... #.# ##### #.#
#.# #.# ##########.#
..o..o.oo@.#
############


You could see 2 orc priests and 2 orcs.

Vanquished Creatures
  Terence (D:3)
  Robin (D:2)
  An adder (D:3)
  A white imp (D:3)
  A worm (D:3)
  3 dart slugs
  6 orcs
  3 endoplasms (D:3)
  A giant cockroach (D:2)
  12 goblins
  4 hobgoblins
  A quokka (D:1)
  4 ball pythons
  3 bats
  A frilled lizard (D:3)
  3 kobolds
  9 rats
55 creatures vanquished.

Vanquished Creatures (others)
  2 fungi (D:1)
2 creatures vanquished.

Grand Total: 57 creatures vanquished

Notes
Turn   | Place    | Note
-------+----------+-------------------------------------------
     0 | D:1      | browni3141 the Demigod Fighter began the quest for the Orb.
     0 | D:1      | Reached XP level 1. HP: 18/18 MP: 3/3
  1406 | D:2      | Reached XP level 2. HP: 23/25 MP: 4/4
  1454 | D:2      | Reached skill level 1 in Dodging
  1667 | D:2      | Noticed Robin
  1697 | D:2      | Killed Robin
  1698 | D:2      | Reached XP level 3. HP: 30/31 MP: 5/5
  2931 | D:3      | Reached XP level 4. HP: 38/38 MP: 6/6
  3042 | D:3      | Noticed Terence
  3057 | D:3      | Killed Terence
  3201 | D:3      | Slain by an orc priest

Illustrated notes

Levels and vault maps discovered:
D:1:      dpeg_arrival_pits, layout_basic, shapermc_ecumenical_altar_petra
D:2:      layout_loops_corners, uniq_robin
D:3:      layout_basic, uniq_terence

Skill      XL: |  1  2  3  4 |
---------------+-------------+-----
Armour         | 3 |  3.6
Fighting       | 3 |  3.6
Dodging        | 1 2 |  2.1
Long Blades    | |  1.7
Shields        | |  2.7

Action                   |  1- 3 |  4- 6 || total
-------------------------+-------+-------++-------
Melee: Long sword        |   103 |       ||   103
       Dagger            |    39 |    32 ||    71
  Use: Potion            |     1 |       ||     1
Armor: Scale mail        |    53 |    13 ||    66
Dodge: Dodged            |    52 |     8 ||    60
Block: Buckler           |    28 |    16 ||    44

Table legend: (Time is in decaauts)
 A = Elapsed time spent in this place.
 B = Non-inter-level travel time spent in this place.
 C = Inter-level travel time spent in this place.
 D = Time resting spent in this place.
 E = Time spent auto-exploring this place.
 F = Levels seen in this place.
 G = Mean time per level.
                   A        B        C        D        E       F      G
               +--------+--------+--------+--------+--------+-----+--------+
         Total |   3232 |   3105 |    127 |     10 |   2639 |   3 | 1077.3 |
       Dungeon |   3232 |   3105 |    127 |     10 |   2639 |   3 | 1077.3 |
               +--------+--------+--------+--------+--------+-----+--------+

Top non-repeatable levels by time:
     D:2: 1153 daAuts
     D:1: 1140 daAuts
     D:3: 938 daAuts
